[Event "Oceania Zonal Women 2023"]
[Site "Melbourne"]
[Date "2023.01.26"]
[Round "6.1"]
[White "Ryjanova, Julia"]
[Black "Middleton, Jody"]
[Result "1-0"]
[ECO "D23"]
[WhiteElo "2288"]
[BlackElo "1748"]
[Annotator "TA"]
[PlyCount "79"]
[EventDate "2023.01.09"]
[EventType "swiss"]
[EventCountry "AUS"]
[SourceTitle "playchess.com"]
[Source "ChessBase"]
[SourceQuality "1"]
[TimeControl "5400+30"]

1. d4 d5 2. c4 c6 3. Nf3 Nf6 4. Qc2 dxc4 5. Qxc4 Bf5 6. g3 e6 7. Bg2 Nbd7 {[%emt 0:00:27] 7...Be7 is the hot move.} 8. O-O Be7 9. Qb3 Nb6 {[%emt 0:07:53] D23: Queen's Gambit Accepted: 3 Nf3 Nf6 sidelines.} (9... Qb6 $11) 10. Nc3 $14 O-O 11. a4 {[%emt 0:12:33][%cal Ba2a4,Ba4a5][%mdl 32] [#]} Qc8 $146 {[%emt 0:08:40] White is slightly better.} ({Predecessor:} 11... a5 12. Re1 Bb4 13. Bd2 Qd6 14. Rad1 Ne4 15. Ne5 Nxd2 16. Rxd2 Qe7 17. Rc1 Rfd8 18. Rdd1 {½-½ Agrest,E (2616)-Doettling,F (2532) FRA-chT Gp-A 2004 (7)}) 12. Nd2 (12. Ne5 $16) 12... Rd8 13. e4 (13. a5 $5 Nbd5 14. e4 Nxc3 15. bxc3 $14) 13... Bg6 14. a5 $36 {[%emt 0:01:18][%mdl 2048] White has good play.} Nbd7 15. Nc4 Bh5 (15... b5 $14 16. axb6 Nxb6) 16. h3 $16 Nf8 17. Be3 h6 18. Rac1 g5 (18... Bg6 $16 {might work better.} 19. Ne5 Bh7) 19. Ne5 {[%emt 0:06:54][%cal Oa5a6] a6! is the strong threat.} N6d7 20. Nd3 {[%emt 0:07:45] White has more active pieces.} Kg7 $2 {[%emt 0:04:20] Black cannot hold the game after this.} (20... b6 $16) 21. f4 $18 Qc7 22. Qa2 f6 23. b4 Bf7 24. Qf2 Nh7 25. d5 Rf8 {[%emt 0:04:59] [#]} (25... gxf4 $142 26. Bxf4 (26. Qxf4 Qxf4 27. Bxf4 e5 $18) 26... e5) 26. Nb5 $1 {[%emt 0:03:49][%mdl 576] Pin, Deflection, Double Attack. White is clearly winning.} Qd8 27. dxc6 bxc6 28. Nxa7 c5 29. Nc6 Qe8 30. Nxe7 Qxe7 31. Nxc5 Rfb8 32. Nxd7 Qxd7 33. e5 f5 34. Rfd1 Qb5 35. Rc7 Qxb4 36. Rdd7 Rf8 37. Bxa8 {[%emt 0:00:19] Bc5 would kill now. A strong pair of Bishops.} Qxa5 38. Bf3 {[%emt 0:00:13][%cal Ba8f3,Bf3h5,Bh5f7][%mdl 32] Threatening mate with Bc5.} Kg8 {[%emt 0:00:29] [#]} 39. Bh5 $3 Rb8 (39... Kg7 40. Bc5) 40. Bxf7+ {[%emt 0:00:55] Excellently played by Ryjanova!   Weighted Error Value: White=0.15 (very precise) /Black=0.58} 1-0

[Event "Oceania Zonal Women 2023"]
[Site "Melbourne"]
[Date "2023.01.26"]
[Round "6.2"]
[White "O'Carroll, Om"]
[Black "Hardegen, Kathryn"]
[Result "1/2-1/2"]
[ECO "C10"]
[WhiteElo "1525"]
[BlackElo "1887"]
[Annotator "NA RC COMBH"]
[PlyCount "156"]
[EventDate "2023.01.09"]
[EventType "swiss"]
[EventCountry "AUS"]
[SourceTitle "playchess.com"]
[Source "ChessBase"]
[SourceQuality "1"]
[TimeControl "5400+30"]

1. e4 e6 2. d4 d5 3. Nc3 dxe4 4. Nxe4 Nf6 5. Nxf6+ Qxf6 6. Nf3 h6 7. g3 Bd6 8. Bg2 O-O 9. O-O c5 10. c3 Nc6 11. Be3 cxd4 12. Nxd4 Nxd4 13. Bxd4 e5 14. Be3 Qe7 15. Qc2 a6 16. Rad1 Bg4 17. Rd2 Rad8 18. Qe4 Bc8 19. Rfd1 Bc7 20. Rxd8 Rxd8 21. Rxd8+ Qxd8 22. Qd5 Qxd5 23. Bxd5 b5 24. Kg2 Bd6 25. Kf3 Kf8 26. c4 bxc4 27. Bxc4 Bb7+ 28. Ke2 Ke7 29. a3 f5 30. Bd2 g5 31. b4 f4 32. a4 h5 33. b5 axb5 34. Bxb5 Bc5 35. Be1 Ke6 36. Be8 Ba6+ 37. Kd2 h4 38. gxh4 gxh4 39. Bc6 Kd6 40. Be4 Bb4+ 41. Kd1 Bxe1 42. Kxe1 Kc5 43. Kd2 Kb4 44. Bc6 Bc4 45. Kc2 Be6 46. Kd3 Bf5+ 47. Be4 Bd7 48. Bd5 Kc5 49. Ke4 Kd6 50. a5 Be8 51. Bb7 Bg6+ 52. Kf3 Bh5+ 53. Kg2 Bg4 54. f3 Bd7 55. Kf2 Bb5 56. Ke1 Kc7 57. a6 Kb6 58. Kd2 Bf1 59. Bc8 Bb5 60. Ke1 Bxa6 61. Bf5 Bb7 62. Ke2 Kc5 63. Bg6 Kd4 64. Bf5 Kc3 65. Bg6 Kd4 66. Bf5 e4 67. fxe4 Bxe4 68. Bg4 Bc6 69. Kf2 Ke5 70. Bd1 Kf5 71. Be2 Kg5 72. Bd1 Bd7 73. Bf3 Bg4 74. Bc6 Bd1 75. Bd7 f3 76. Be6 Kf4 77. Bd7 Bc2 78. Be6 Ke5 1/2-1/2

[Event "Oceania Zonal Women 2023"]
[Site "Melbourne"]
[Date "2023.01.26"]
[Round "6.3"]
[White "Fan, Chloe"]
[Black "Zhang, Jilin"]
[Result "0-1"]
[ECO "B51"]
[WhiteElo "1554"]
[BlackElo "2212"]
[Annotator "TA"]
[PlyCount "138"]
[EventDate "2023.01.09"]
[EventType "swiss"]
[EventCountry "AUS"]
[SourceTitle "playchess.com"]
[Source "ChessBase"]
[SourceQuality "1"]
[TimeControl "5400+30"]

1. e4 c5 2. Nf3 d6 3. Bb5+ Nd7 4. O-O a6 5. Bd3 Ngf6 6. Re1 {[%emt 0:00:56] B51: Sicilian: Moscow Variation (3 Bb5+) without 3...Bd7.} g6 7. c3 b5 8. Bc2 {[%emt 0:00:29] White is slightly better.} c4 9. d4 {[%emt 0:02:13] e5 would be deadly.} cxd3 {[%emt 0:00:07] [#]} 10. Bxd3 $146 (10. Qxd3 $5 Bg7 11. a4 $14) ({Predecessor:} 10. Qxd3 Bg7 11. Bg5 h6 12. Be3 Nc5 13. Bxc5 dxc5 14. Qe3 Qc7 15. e5 Nd5 16. Qe2 {1-0 De la Mata Rodriguez,J (1491)-Rios Gil,S (1461) Alcorcon Diagonal op 1st 2022 (7)}) 10... Nc5 11. Bg5 Bg7 12. Bc2 O-O 13. Nbd2 Bb7 14. Qe2 Ne6 15. Be3 Rc8 16. Nd4 Nxd4 17. Bxd4 e5 18. Be3 d5 19. exd5 Nxd5 20. Rad1 Qc7 21. Bb3 h6 22. Ne4 Nxe3 23. Qxe3 Rfd8 {[%emt 0:00:13] Dodges Nd6} 24. f3 a5 25. a3 Kh7 (25... a4 $5 26. Ba2 Bf8 $15) 26. h4 f5 27. Rxd8 Rxd8 28. Nc5 {[%emt 0:00:33] Black must now prevent Ne6.} Bd5 29. Bxd5 Rxd5 30. Ne6 Qe7 31. Nxg7 Kxg7 $11 {[%emt 0:00:30][%mdl 4096] Endgame KQR-KQR} 32. g3 h5 33. Qb6 f4 34. Qc6 (34. Qxa5 {leads to mate.} Qc5+ 35. Kh1 Qf2 36. Qc7+ Kh6) (34. Qf2 $11) 34... Rc5 (34... Rd2 $1 $17 {( -> ...Qa7+)} 35. b4 (35. Qxb5 Qa7+ 36. Kh1 Rh2+ {[%mdl 64] Decoy} 37. Kxh2 Qf2+ 38. Kh1 Qxe1+ 39. Kg2 Qxg3+ 40. Kf1 Qxf3+ 41. Kg1 Qg3+ 42. Kf1 f3 $19) 35... Qa7+ 36. Qc5 Qxc5+ 37. bxc5 Rd5 38. gxf4 exf4 39. Re7+ Kf6) 35. Qe4 fxg3 36. Kg2 Qd6 37. Kxg3 a4 38. f4 exf4+ (38... Qe7 {is more complex.} 39. Re3 exf4+ 40. Qxf4 Qd8) 39. Qxf4 Qxf4+ 40. Kxf4 {[%emt 0:00:02] KR-KR} Rc4+ 41. Kg3 $1 Rg4+ 42. Kh3 Kf6 {[%emt 0:00:25] Dodges Re5} 43. Re8 Rc4 44. Kg3 Rc5 45. Rb8 g5 46. hxg5+ Kxg5 47. Rg8+ Kf5 48. Kf3 Rd5 49. Rb8 Kg5 50. Rg8+ Kh4 51. Rh8 (51. Ra8 $11 {keeps the balance.}) 51... Rd2 $17 52. Re8 $2 (52. Ra8 $17 {was worth a try.}) 52... Rxb2 $19 53. Re4+ {[%emt 0:00:13] [#]} Kh3 $2 (53... Kg5 $1 $19 54. Re5+ Kg6) 54. Re1 $11 Kh4 $2 (54... Kh2 $11) 55. Re4+ $19 {[%emt 0:00:05] [#] Black converts the advantage convincingly.} Kg5 $1 56. Re5+ Kg6 {[%emt 0:00:09] And now ...Rb3 would win.} 57. Ke3 $2 (57. Kg3) 57... h4 58. Re6+ Kg5 {[%emt 0:00:15] Threatens to win with ...h3.} 59. Re8 h3 60. Rh8 h2 61. Kd4 Kf4 62. c4 bxc4 {[%emt 0:00:40] Black mates.} 63. Kxc4 Kg3 64. Rg8+ Kf2 65. Rf8+ Kg1 66. Rg8+ Rg2 67. Rh8 h1=Q 68. Rxh1+ Kxh1 69. Kb4 Rg4+ {[%emt 0:00:05] Weighted Error Value: White=0.31/Black=0.10 (very precise)} 0-1

[Event "Oceania Zonal Women 2023"]
[Site "Melbourne"]
[Date "2023.01.26"]
[Round "6.4"]
[White "Szuveges, Narelle"]
[Black "Punsalan, Vyanla M"]
[Result "1/2-1/2"]
[ECO "A87"]
[WhiteElo "1566"]
[BlackElo "1989"]
[Annotator "TA"]
[PlyCount "127"]
[EventDate "2023.01.09"]
[EventType "swiss"]
[EventCountry "AUS"]
[SourceTitle "playchess.com"]
[Source "ChessBase"]
[SourceQuality "1"]
[TimeControl "5400+30"]

1. d4 f5 2. g3 Nf6 3. Bg2 d6 4. Nf3 g6 5. c4 Bg7 6. Nc3 O-O 7. O-O h6 (7... Na6 $11 {remains equal.}) 8. Re1 {[%emt 0:03:57] [#] A87: Dutch Defence: Leningrad System: 5 Nf3.} Na6 $146 ({Predecessor:} 8... g5 9. e4 fxe4 10. Nxe4 Nxe4 11. Rxe4 Bf5 12. Re1 Qd7 13. Qb3 Nc6 14. d5 Na5 15. Qb4 b6 {0-1 Molina,R (2418)-Rodriguez Vila,A (2481) Mario Covas 10th 2011 (6)}) 9. e4 fxe4 10. Nxe4 {[%emt 0:00:49] White is better.} Nxe4 11. Rxe4 Bf5 {[%emt 0:00:33] [#]} (11... c6 $16) 12. Nh4 $1 $18 {[%emt 0:02:45] Strongly threatening Nxf5.} d5 (12... c6 $142) (12... Qe8 13. Nxf5) 13. cxd5 Bxe4 14. Bxe4 g5 15. Ng6 {[%emt 0:06:16][%mdl 1024] White has strong compensation.} Rf6 {[%emt 0:02:03] Black is weak on the light squares} 16. Ne5 (16. Qh5 $18) 16... Qd6 $16 17. Be3 {[%emt 0:04:23] White is more active.} Nc5 18. Nc4 Qa6 19. dxc5 Qxc4 20. Bd3 {[%emt 0:01:39] A strong pair of Bishops.} Qb4 (20... Qxd5 $2 21. Bh7+ Kxh7 22. Qxd5 $18) 21. Qc2 (21. Rb1 $18 {is more deadly.}) 21... Kh8 (21... Rf3 $16 {was worth a try.}) 22. Bc4 ({Only move:} 22. Be2 $1 $18 {Black must now prevent a3.} Rf7 23. Rb1) 22... b5 (22... Rf3 $14) 23. Bb3 $1 Raf8 24. Rd1 (24. h3 $1 $18) 24... Rf5 $1 $14 25. a3 Qg4 26. d6 exd6 27. cxd6 cxd6 28. Rxd6 Re5 {[%emt 0:04:22] Prevents Be6} (28... R5f6 $1 $14 29. Rxf6 Rxf6) 29. Qd2 $40 {[%emt 0:10:11][%mdl 128] White has some attack.} (29. Bd2 $16 Qe2 30. Bc3 Qxc2 31. Bxc2) 29... Ree8 $2 (29... Rxe3 $14 30. Qxe3 Qf3) 30. Bd1 (30. h3 $18 {has better winning chances.} Qxh3 31. Bd4) 30... Qe4 (30... Qc4 $16) 31. Bc2 $18 Qc4 32. b3 $1 Qg8 33. Qd3 $2 (33. Bxa7 Rf6 34. Be3 Rc8 35. Rxf6 Bxf6 $18) (33. Bd4 Re6 34. Rxe6 (34. Bxa7 Rxd6 35. Qxd6 Qf7 $16) (34. Bxg7+ Kxg7 35. Rd7+ Rf7 $16) 34... Qxe6 35. Qd3 (35. Bxa7 Rf7 $16)) 33... Rf6 34. Rd7 (34. Bxa7 $2 Rxd6 35. Qxd6 Re1+ 36. Kg2 Qa8+ 37. Kh3 Qc8+ 38. g4 Qxc2 $19) 34... Ref8 $2 (34... Rfe6 35. Rxa7 (35. Bxa7 Re1+ 36. Kg2 R1e7 $16) (35. Qxb5 R6e7 $16) 35... Rd8 36. Qxb5 Rxe3 37. fxe3 Qe6) 35. Bxa7 ({Less strong is} 35. Qxb5 R6f7 36. Rxa7 (36. Bxa7 Rxd7 37. Qxd7 Rf7 $16) 36... Rxa7 37. Bxa7 Rd8 $18) (35. Rxa7 R6f7 36. Rxf7 Rxf7 37. Qxb5 Rc7 $18) 35... R6f7 36. Rxf7 ({Weaker is} 36. Qxb5 Rxd7 37. Qxd7 Rf7 $16) 36... Rxf7 37. Bc5 b4 $2 (37... Rc7) 38. axb4 Bf6 39. Qg6 $2 (39. b5 $18) 39... Qxg6 $14 40. Bxg6 {[%emt 0:00:07][%mdl 4096] Endgame KRB-KB} Rb7 (40... Rd7 $142) 41. Be4 $16 Rb8 42. Bd6 $2 (42. Bc6 $1 $18) 42... Rb6 $11 43. Bc5 (43. Bf8 $11) 43... Rb8 $1 $18 {[%emt 0:00:06] [#]} 44. f4 $2 ({Better is} 44. Bc6 $1 $18) 44... gxf4 $11 45. gxf4 {[%emt 0:00:06] next Bc6 is good for White.} Kg7 46. Kf2 {[%emt 0:00:19] And now Bc6 would win.} Kf7 $2 {[%emt 0:00:18] [#]} (46... Bc3 $1 $11) 47. Bd5+ $1 $18 Kg6 48. Kf3 (48. Bc6 $16) 48... Bc3 $14 49. Ke4 Bxb4 50. Bxb4 (50. f5+ $14 Kg5 51. Be3+ Kf6 52. Bd4+ (52. Bxh6 Rh8 $11) 52... Kg5 53. h3) 50... Rxb4+ {[%emt 0:00:16] KR-KB. The position is equal.} 51. Ke5 Kg7 52. Bc4 Rb8 53. f5 Re8+ 54. Be6 Rf8 55. h3 h5 56. Bc4 (56. Kd6 $5 Kf6 $8 57. b4 Rd8+ 58. Bd7 $11) 56... Re8+ 57. Be6 Rf8 58. Bd5 (58. Kd6 $5 Kf6 $8 59. b4 Rd8+ 60. Bd7 $11) 58... Re8+ 59. Kf4 Kf6 60. Bf3 Rb8 {[%emt 0:00:53] ...Rb4+ would be deadly.} 61. Bd5 Rd8 62. Ke4 Re8+ 63. Be6 Rd8 64. Bd5 {[%emt 0:00:15] Weighted Error Value: White=0.46/Black=0.44} 1/2-1/2

[Event "Oceania Zonal Women 2023"]
[Site "Melbourne"]
[Date "2023.01.26"]
[Round "6.5"]
[White "Lu, Lillian"]
[Black "Xu, Luna Yuexiu"]
[Result "0-1"]
[ECO "B52"]
[WhiteElo "1689"]
[BlackElo "1446"]
[Annotator "NA RC COMBH"]
[PlyCount "52"]
[EventDate "2023.01.09"]
[EventType "swiss"]
[EventCountry "AUS"]
[SourceTitle "playchess.com"]
[Source "ChessBase"]
[SourceQuality "1"]
[TimeControl "5400+30"]

1. e4 c5 2. Nf3 d6 3. Bb5+ Bd7 4. Bxd7+ Qxd7 5. c4 Nc6 6. Nc3 e6 7. d4 cxd4 8. Nxd4 Nf6 9. O-O Be7 10. Be3 O-O 11. f3 a6 12. a4 Ne5 13. Qe2 Rac8 14. b3 Nc6 15. Rfd1 Qc7 16. Rac1 Nd7 17. Kh1 Nc5 18. f4 Nxd4 19. Bxd4 Nxb3 20. Bxg7 Kxg7 21. Qb2 Bf6 22. Qxb3 Qxc4 23. Qb1 Bxc3 24. Rd3 Qb4 25. Rdxc3 Rxc3 26. Qa1 Rfc8 0-1

[Event "Oceania Zonal Women 2023"]
[Site "Melbourne"]
[Date "2023.01.26"]
[Round "6.6"]
[White "Vincent Alaina"]
[Black "Zeng, Vera"]
[Result "1-0"]
[ECO "C54"]
[WhiteElo "1897"]
[BlackElo "1527"]
[Annotator "NA RC COMBH"]
[PlyCount "77"]
[EventDate "2023.01.09"]
[EventType "swiss"]
[EventCountry "AUS"]
[SourceTitle "playchess.com"]
[Source "ChessBase"]
[SourceQuality "1"]
[TimeControl "5400+30"]

1. e4 e5 2. Nf3 Nc6 3. Bc4 Bc5 4. c3 Nf6 5. d3 O-O 6. O-O d5 7. exd5 Nxd5 8. b4 Bb6 9. Qb3 Be6 10. Re1 Qd6 11. Nbd2 Rad8 12. Ne4 Qe7 13. Neg5 h6 14. Ne4 Rfe8 15. Ng3 Qf6 16. Be3 Nxe3 17. fxe3 Bxc4 18. dxc4 e4 19. Nd4 Bxd4 20. cxd4 a6 21. Rad1 Qg6 22. Rf1 Qd6 23. a3 g6 24. d5 Na7 25. Rf4 f5 26. h4 h5 27. Nxf5 gxf5 28. Rxf5 Re5 29. c5 Qe7 30. d6+ Qe6 31. Rg5+ Kf7 32. Rf1+ Ke8 33. Rg8+ Kd7 34. Rf7+ Kc8 35. Rxc7+ Kb8 36. Rxd8+ Nc8 37. Qxe6 Rxe6 38. Rcxc8+ Ka7 39. Ra8# 1-0